Cogmind - Beta 17.1 @@@ ROGUE MODE // 2026.09.24 @ 16:54:59 Player: acra Result: Self-destructed Performance ------------- Evolutions (2) 1000 Regions Visited (5) 1000 Robots Destroyed (45) 225 Value Destroyed (1711) 1711 Prototype IDs (1) 20 Alien Tech Used (0) 0 Bonus (1333) 1333 TOTAL SCORE: 5289 Bonus ------- High Alert Combat Kills 131 Follower Combat Kills 502 Entered Garrisons 200 Used RIF Installer 500 Cogmind --------- Core Integrity 485/550 Matter 282/300 Energy 250/250 System Corruption 0% Temperature Cool (0) Movement Walking (190) Ox1 Location -8/Materials Parts ------- > --- POWER (1) -------- Ion Engine > --- PROPULSION (2) --- Aluminum Leg Improved Aluminum Leg > --- UTILITY (6) ------ Improved Heat Sink Medium Storage Unit Advanced Targeting Computer Relay Coupler [Swarmer] (24) Relay Coupler [Grunt] (17) Relay Coupler [Hunter] (14) > --- WEAPON (2) ------- Heavy EM Shotgun Gauss Cannon > --- INVENTORY (10) --- Improved Ion Engine Aluminum Leg Wheel Relay Coupler [Specialist] (19) Particle Gun Particle Gun Particle Gun Particle Gun Rocket Launcher Peak State ------------ > --- POWER ------------ Ion Engine > --- PROPULSION ------- Aluminum Leg Improved Aluminum Leg > --- UTILITY ---------- Improved Heat Sink Medium Storage Unit Relay Coupler [Swarmer] Relay Coupler [Grunt] Relay Coupler [Sentry] Relay Coupler [Hunter] > --- WEAPON ----------- Heavy EM Shotgun Gauss Cannon > --- INVENTORY -------- Improved Ion Engine Aluminum Leg Wheel Advanced Targeting Computer Relay Coupler [Specialist] Particle Gun Particle Gun Particle Gun [Rating: 32] Favorites ----------- Power Ion Engine Engine Ion Engine Propulsion Aluminum Leg Leg Aluminum Leg Utility Medium Storage Unit Device Heat Sink Storage Medium Storage Unit Processor Advanced Targeting Computer Hackware Relay Coupler [Swarmer] Protection Propulsion Shielding Weapon Heavy EM Shotgun Energy Gun Heavy EM Shotgun Ballistic Gun Assault Rifle Ballistic Cannon Gauss Cannon Special Melee Weapon Improved Datajack Build | -11 -10 -9 -9 -9 -8 ------- Run | Yrd Mat Mat Sto Gar Mat Slots Evolved 4 | . . 2 . . 2 Power . | . . . . . . Propulsion . | . . . . . . Utility 4 | . . 2 . . 2 Weapon . | . . . . . . Parts Attached 43 | 7 8 7 . 17 4 Power 5 | 1 1 1 . 2 . Engine 5 | 1 1 1 . 2 . Core . | . . . . . . Reactor . | . . . . . . Propulsion 9 | 2 1 . . 6 . Treads . | . . . . . . Leg 9 | 2 1 . . 6 . Wheel . | . . . . . . Hover . | . . . . . . Flight . | . . . . . . Utility 15 | 2 2 3 . 5 3 Device 4 | 1 1 1 . 1 . Storage 2 | 1 1 . . . . Processor 1 | . . . . . 1 Hackware 4 | . . . . 2 2 Protection 4 | . . 2 . 2 . Artifact . | . . . . . . Weapon 14 | 2 4 3 . 4 1 Energy Gun 11 | 1 4 3 . 3 . Energy Cannon . | . . . . . . Ballistic Gun 1 | 1 . . . . . Ballistic Cannon 1 | . . . . 1 . Launcher . | . . . . . . Special Weapon . | . . . . . . Impact Weapon . | . . . . . . Slashing Weapon . | . . . . . . Piercing Weapon . | . . . . . . Special Melee Weapon 1 | . . . . . 1 Unidentified Prototypes 1 | . . 1 . . . Parts Lost 4 | . 1 . . 1 2 Power . | . . . . . . Propulsion . | . . . . . . Utility 1 | . . . . . 1 Weapon 3 | . 1 . . 1 1 Highest Loss Streak 2 | . 1 . . 1 2 To Critical Strikes . | . . . . . . Average Backups 9 | 1 7 9 10 9 9 Power . | . 1 . 1 1 1 Propulsion 2 | . 2 2 2 2 2 Utility 1 | . 1 1 1 2 1 Weapon 4 | . 2 5 6 4 4 Tool/Special . | . . . . . . Unused Backups 19 | . 3 2 . 5 9 Power 1 | . . . . . 1 Propulsion 5 | . 1 . . 2 2 Utility 5 | . 1 . . 3 1 Weapon 8 | . 1 2 . . 5 Tool/Special . | . . . . . . Average Slot Usage (%) 99 | . 100 99 100 99 99 Engine 11 | . 14 11 11 11 9 Leg 22 | . 28 22 22 22 18 Device 11 | . 14 11 11 11 9 Storage 11 | . 14 11 11 11 9 Hackware 7 | . . . . 6 31 Protection 11 | . . 21 22 15 . Energy Gun 15 | . 25 22 22 13 4 Ballistic Cannon 5 | . . . . 8 9 Peak Build Rating 32 | 7 9 17 17 25 32 Average Rating 18 | 4 7 16 17 20 31 On Entrance 12 | . 7 8 17 17 25 Avg Prop Armor Cover (%) . | . . . . . . Naked Turns . | . . . . . . Heaviest Build 38 | 15 21 26 26 38 27 Greatest Support 23 | 20 20 20 20 23 23 Greatest Overweight (x) 1 | . 1 1 1 1 1 Average Overweight (x) . | . . . 1 1 . Largest Inventory Capacity 10 | 8 10 10 10 10 10 Average Capacity 9 | 7 8 10 10 10 10 Most Carried 10 | 3 10 10 10 10 10 Average Carried 9 | 1 7 9 10 9 9 Final Capacity 10 | 8 10 10 10 10 10 Final Carried 10 | 3 9 10 10 10 9 Class Distribution -------------------- 56% | Scavenger-Mutant 35% | Mutant 4% | Bothacker-Mutant 4% | Commander-Mutant Dominant Class ---------------- Mutant | -10/Materials Mutant | -9/Materials Mutant | -9/Storage Scavenger-Mutant | -9/Garrison Scavenger-Mutant | -8/Materials Resources | -11 -10 -9 -9 -9 -8 ----------- Run | Yrd Mat Mat Sto Gar Mat Matter Collected 817 | 141 206 110 . 284 76 Remotely . | . . . . . . Salvage Created 1487 | 14 252 182 . 854 185 Parts 91 | 3 14 10 . 55 9 Haulers Intercepted 3 | . 1 1 . . 1 Recyclers Shooed 2 | 1 1 . . . . Parts Field Recycled . | . . . . . . Retrieved Matter . | . . . . . . Parts Self-Destructed . | . . . . . . Prevented . | . . . . . . Parts Restored . | . . . . . . Kills | -11 -10 -9 -9 -9 -8 ------- Run | Yrd Mat Mat Sto Gar Mat Combat Hostiles Destroyed 36 | . 4 2 . 27 3 Guns 22 | . 4 2 . 16 . Cannons 8 | . . . . 5 3 AOE 6 | . . . . 6 . Classes Destroyed 10 | 1 3 2 . 4 . Tunneler 1 | 1 . . . . . Hauler 3 | . 1 1 . . 1 Operator 3 | . 2 . . . 1 Watcher 1 | . . 1 . . . Swarmer 13 | . . . . 13 . Grunt 17 | . 4 . . 10 3 Brawler 2 | . . . . 2 . Duelist 1 | . . . . 1 . Sentry 3 | . . 2 . 1 . Specialist 1 | . . . . 1 . Best Kill Streak 11 | 1 2 3 . 11 5 Combat Bots Only 11 | . 2 2 . 11 3 Max Kills in Single Turn 2 | 1 1 1 . 2 1 Gunslinging 1 | . . . . 1 . Exploded 2 | . . . . 2 . Melee . | . . . . . . Uniques/NPCs Destroyed . | . . . . . . Combat | -11 -10 -9 -9 -9 -8 -------- Run | Yrd Mat Mat Sto Gar Mat Hostile Shots Fired 161 | . 39 10 . 88 24 Missed 46 | . 14 2 . 24 6 Hits 115 | . 25 8 . 64 18 Melee 1 | . . . . 1 . Projectile 114 | . 25 8 . 63 18 Damage Taken 1473 | . 325 147 . 711 290 Core 309 | . 70 43 . 131 65 Absorbed by Shields . | . . . . . . Redirected to Shielding 66 | . . 4 . 62 . Regen/Repaired (Parts) 27 | . . 27 . . . Core Remaining (%) 76 | 100 72 . . 56 . Volleys Fired 88 | 2 32 6 . 39 9 Largest 2 | 2 2 2 . 2 2 Hottest 115 | 70 115 100 . 100 90 Shots Fired 169 | 4 64 12 . 74 15 Gun 141 | 4 64 12 . 55 6 Cannon 28 | . . . . 19 9 Launcher . | . . . . . . Special . | . . . . . . Kinetic 37 | 2 7 . . 19 9 Thermal 35 | 2 33 . . . . Explosive . | . . . . . . Electromagnetic 97 | . 24 12 . 55 6 Robot Hit Streak 10 | 3 5 10 . 10 4 Robot Miss Streak 5 | 1 2 5 . 5 2 Penetration Max . | . . . . . . Secondary Targets 6 | . 1 1 . 4 . Max Gunslinging Chain 1 | . 1 1 . 1 . Shots Hit Robots 113 | 3 41 8 . 49 12 Core Hits 64 | 1 15 6 . 37 5 Critical Kills . | . . . . . . Critical Parts Destroyed . | . . . . . . Critical Strikes 4 | . 3 . . 1 . Burn 2 | . 2 . . . . Blast 1 | . . . . 1 . Corrupt 1 | . 1 . . . . Melee Attacks 3 | . . . . . 3 Impact . | . . . . . . Slashing . | . . . . . . Piercing . | . . . . . . Sneak Attacks . | . . . . . . Combat Hostiles . | . . . . . . Follow-up Attacks . | . . . . . . Damage Inflicted 2518 | 42 632 256 . 1328 260 Guns 1563 | 42 594 175 . 706 46 Cannons 456 | . . . . 288 168 Explosions 490 | . 29 81 . 334 46 Melee . | . . . . . . Ramming 9 | . 9 . . . . Kinetic 523 | 30 37 . . 288 168 Thermal 883 | 12 410 81 . 334 46 Explosive . | . . . . . . Electromagnetic 1103 | . 176 175 . 706 46 Impact . | . . . . . . Slashing . | . . . . . . Piercing . | . . . . . . Highest Corruption . | . . . . . . Average Corruption . | . . . . . . Corruption Purged . | . . . . . . Corruption Blocked . | . . . . . . Overload Shots . | . . . . . . Overflow Damage 16 | . . . . 16 . Projectiles 16 | . . . . 16 . Explosions . | . . . . . . Melee . | . . . . . . Knockbacks . | . . . . . . Impact . | . . . . . . Kinetic . | . . . . . . Secondary . | . . . . . . Self-Inflicted Damage 93 | . . 33 . 60 . Shots 3 | . . 1 . 2 . Rammed . | . . . . . . Targets Rammed 3 | . 2 1 . . . Kicked 3 | . 2 1 . . . Crushed . | . . . . . . Highest Temperature 114 | 18 114 39 . 90 . Average Temperature 26 | 10 27 28 . 25 . Received Heat Transfer 513 | . 180 36 . 126 171 Siege Activations . | . . . . . . Martial Activations . | . . . . . . Shielding Activations . | . . . . . . Robots Disrupted 1 | . 1 . . . . Combat Hostiles 1 | . 1 . . . . Robots Corrupted . | . . . . . . Combat Hostiles . | . . . . . . Parts Fried 5 | . . 4 . 1 . Impact Corruptions . | . . . . . . Robots Melted . | . . . . . . Combat Hostiles . | . . . . . . Parts Melted 1 | . 1 . . . . Heat Transferred 1634 | 37 1197 150 . 250 . Parts Sabotaged . | . . . . . . Parts Stolen . | . . . . . . Parts Stripped . | . . . . . . Power Chain Reactions 8 | . 1 1 . 5 1 Alert | -11 -10 -9 -9 -9 -8 ------- Run | Yrd Mat Mat Sto Gar Mat Maximum Alert Level 4 | . . . . 4 2 Low Security (%) 39 | 100 100 100 100 11 . Level 1 4 | . . . . 7 . Level 2 29 | . . . . 34 100 Level 3 14 | . . . . 25 . Level 4 11 | . . . . 20 . Level 5 . | . . . . . . High Security . | . . . . . . Max Security . | . . . . . . Peak Influence 1257 | 5 40 64 25 1257 638 Initial 612 | . . 5 25 2 612 Average 450 | 1 6 5 10 690 594 Influence Increases 1816 | 5 145 93 4 1385 184 Destroy 0b10 Robot/C 1080 | . 80 40 . 820 140 Destroy 0b10 Robot/NC 40 | 5 15 10 . . 10 Destroy Leader 78 | . 22 24 . 20 12 Allied During Kill 115 | . . . . 101 14 Successful Hack 40 | . 8 . 4 28 . Disable Machine 15 | . . 15 . . . Anti-Garrison Action 350 | . . . . 350 . Destroy Structure 23 | . 5 4 . 6 8 Lose Combat Pursuer 75 | . 15 . . 60 . Influence Decreases 1240 | 5 130 47 61 132 865 Entered New Map 693 | . . 10 36 2 645 Time Decay 357 | 5 130 37 25 . 160 Lost Part 30 | . . . . 10 20 Lost Ally 160 | . . . . 120 40 Squads Dispatched 2 | . 1 . . . 1 Investigation . | . . . . . . Extermination . | . . . . . . Reinforcement 2 | . 1 . . . 1 Assault . | . . . . . . Garrison . | . . . . . . Intercept . | . . . . . . Searches Triggered . | . . . . . . Construction Impeded . | . . . . . . Haulers Reinforced . | . . . . . . Active Scanning Responses . | . . . . . . Cargo Convoy Interrupts . | . . . . . . Stealth | -11 -10 -9 -9 -9 -8 --------- Run | Yrd Mat Mat Sto Gar Mat Distress Signals . | . . . . . . Communications Jammed . | . . . . . . Distress Signals . | . . . . . . Times Spotted 74 | . 16 5 . 40 13 Peak Tracking Total 12 | . 4 2 . 12 4 Tactical Retreats 2 | . 1 . . 1 . Traps | -11 -10 -9 -9 -9 -8 ------- Run | Yrd Mat Mat Sto Gar Mat Traps Triggered 9 | . . . . 9 . Indirectly . | . . . . . . Trap Hack Attempts . | . . . . . . Triggered . | . . . . . . Disarmed . | . . . . . . Reprogrammed . | . . . . . . Reused . | . . . . . . Traps Extracted . | . . . . . . Installed . | . . . . . . Triggered . | . . . . . . Machines | -11 -10 -9 -9 -9 -8 ---------- Run | Yrd Mat Mat Sto Gar Mat Machines Disabled 4 | . . 1 . 3 . Max in Single Turn 1 | . . 1 . 1 . Garrison Relay 3 | . . . . 3 . Machines Repaired . | . . . . . . Machines Dismantled . | . . . . . . Machines Sabotaged . | . . . . . . Overloaded Fab Kills . | . . . . . . Hacking | -11 -10 -9 -9 -9 -8 --------- Run | Yrd Mat Mat Sto Gar Mat Machines Accessed 10 | . 6 1 1 2 . Terminals 7 | . 5 . . 2 . Fabricators . | . . . . . . Repair Stations 1 | . . 1 . . . Recycling Units 1 | . 1 . . . . Scanalyzers . | . . . . . . Garrison Access 1 | . . . 1 . . Total Hacks 18 | . 12 2 1 3 . Successful 8 | . 3 2 1 2 . Failed 10 | . 9 . . 1 . Catastrophic 1 | . 1 . . . . Database Lockouts . | . . . . . . Manual 8 | . 7 . . 1 . Terminals 13 | . 10 . . 3 . Fabricators . | . . . . . . Repair Stations 2 | . . 2 . . . Recycling Units 2 | . 2 . . . . Scanalyzers . | . . . . . . Garrison Access 1 | . . . 1 . . Terminal Hacks 4 | . 2 . . 2 . Emergency Access Points 1 | . . . . 1 . Registered Components 1 | . 1 . . . . Zone Layout 1 | . 1 . . . . Patrol Navigation 1 | . . . . 1 . Fabricator Hacks . | . . . . . . Repair Station Hacks 2 | . . 2 . . . Scan Component 1 | . . 1 . . . Repair 1 | . . 1 . . . Recycling Unit Hacks 1 | . 1 . . . . Retrieve Components 1 | . 1 . . . . Scanalyzer . | . . . . . . Garrison Access Hacks 1 | . . . 1 . . Unlock Access 1 | . . . 1 . . Unauthorized Hacks . | . . . . . . Terminals . | . . . . . . Fabricators . | . . . . . . Repair Stations . | . . . . . . Recycling Units . | . . . . . . Scanalyzers . | . . . . . . Garrison Access . | . . . . . . Data Cores Recovered 1 | . 1 . . . . Used 1 | . 1 . . . . Hacking Detections 9 | . 6 1 . 2 . Full Trace Events 1 | . 1 . . . . Feedback Events . | . . . . . . Feedback Blocked . | . . . . . . Robot Schematics Acquired . | . . . . . . Robots Built . | . . . . . . Authchips . | . . . . . . Time . | . . . . . . Total Robot Build Rating . | . . . . . . Part Schematics Acquired . | . . . . . . Parts Built . | . . . . . . Authchips . | . . . . . . Time . | . . . . . . Total Part Build Rating . | . . . . . . Part Studies Acquired . | . . . . . . Parts Repaired 1 | . . 1 . . . Time 26 | . . 26 . . . Parts Recycled . | . . . . . . Recycled Matter . | . . . . . . Retrieved Matter . | . . . . . . Retrieved Components . | . . . . . . Parts Scanalyzed . | . . . . . . Part Schematics Acquired . | . . . . . . Parts Damaged . | . . . . . . Bothacking | -11 -10 -9 -9 -9 -8 ------------ Run | Yrd Mat Mat Sto Gar Mat Used RIF Installer 1 | . . . . 1 . Robots Hacked 2 | . . . . . 2 Non-combat . | . . . . . . Combat 2 | . . . . . 2 Robot Hacks Applied 2 | . . . . . 2 overwrite_iff 2 | . . . . . 2 Relay Couplers Released 11 | . . . . 11 . Machine Destruction 11 | . . . . 11 . Attached 4 | . . . . 2 2 Fabnet Peak Effective % . | . . . . . . Robots Rewired 9 | . . . . 9 . Allies Hacked . | . . . . . . Hacks Repelled . | . . . . . . Allies | -11 -10 -9 -9 -9 -8 -------- Run | Yrd Mat Mat Sto Gar Mat Total Allies 11 | . . . . 9 2 Largest Group 7 | . . . . 7 4 Highest-Rated Group 122 | . . . . 122 73 Highest-Rated Ally 21 | . . . . 21 21 Total Orders 2 | . . . . 2 . ROAM 1 | . . . . 1 . FOLLOW 1 | . . . . 1 . Ally Attacks 83 | . . . . 50 33 Total Damage 1714 | . . . . 1005 709 Kills 18 | . . . . 14 4 Allies Corrupted . | . . . . . . Allies Melted . | . . . . . . Intel | -11 -10 -9 -9 -9 -8 ------- Run | Yrd Mat Mat Sto Gar Mat Active Infowar (turns) 85 | 5 80 . . . . Seismic 85 | 5 80 . . . . Robot Analysis Total . | . . . . . . Derelict Logs Recovered . | . . . . . . Drone Launches . | . . . . . . Drone Recoveries . | . . . . . . Exploration | -11 -10 -9 -9 -9 -8 ------------- Run | Yrd Mat Mat Sto Gar Mat Turns Passed 3303 | 62 571 393 86 1861 330 Spaces Moved 1561 | 38 310 161 46 858 148 Core 3 | 3 . . . . . Treads . | . . . . . . Legs 1558 | 35 310 161 46 858 148 Wheels . | . . . . . . Hover . | . . . . . . Flight . | . . . . . . Fastest Speed 50 | 50 120 120 190 190 120 Average Speed 178 | 114 139 189 190 190 189 Slowest Speed 190 | 120 190 190 190 190 190 Overloaded Moves . | . . . . . . Propulsion Burnouts . | . . . . . . Robots Hopped . | . . . . . . Potential Cave-ins . | . . . . . . Cave-ins Triggered . | . . . . . . Exploration Rate (%) 23 | 3 37 20 11 58 14 Regions Visited 5 Branch Regions 1 Pre-discovered Areas . | . . . . . . Known Exits Taken 1 | . . . 1 . . Unknown Exits Taken 3 | 1 1 1 . . . Scrap Searched . | . . . . . . Spaces Dug . | . . . . . . Terrain Destroyed 14 | . 4 3 . 1 6 Melee . | . . . . . . Projectile 3 | . . . . . 3 AOE 11 | . 4 3 . 1 3 Terrain Rammed . | . . . . . . Walls Destroyed . | . . . . . . Machines Disabled . | . . . . . . Actions | -11 -10 -9 -9 -9 -8 --------- Run | Yrd Mat Mat Sto Gar Mat Total 1932 | 49 386 244 45 1026 182 Wait 84 | . 19 42 . 10 13 Move 1555 | 37 309 160 45 856 148 Hop . | . . . . . . Pick Up 39 | 3 9 14 . 10 3 Fast Attach 14 | 7 1 1 . 4 1 Attach 10 | . 2 2 . 2 4 Detach 1 | . 1 . . . . Swap 22 | . 5 6 . 11 . Drop 40 | . 6 12 . 21 1 Fire 88 | 2 32 6 . 39 9 Melee 3 | . . . . . 3 Ram . | . . . . . . Kick 3 | . 2 1 . . . Crush . | . . . . . . Escape Stasis 40 | . . . . 40 . Rewire 33 | . . . . 33 . Trap . | . . . . . . Miscellaneous . | . . . . . . Route ------- -11/Scrapyard -10/Materials -9/Materials (discovered 3 exits: [*Mat] / [*Min] / *Sto) -9/Storage -9/Garrison (discovered 2 exits: [*Mat x2]) -8/Materials History --------- Turn | Location | Event 6 | -11/Scrapyard | Discovered new exit (range 15) 63 | -11/Scrapyard | Entered Materials 312 | -10/Materials | Build established: Mutant 543 | -10/Materials | Discovered new exit (range 7) 634 | -10/Materials | Entered another Materials area 634 | -9/Materials | Evolved 2 slots: Utility x2 905 | -9/Materials | Repaired Lgt. Ion Engine 984 | -9/Materials | Discovered new exit (range 7) 984 | -9/Materials | Discovered new exit (range 7) 1025 | -9/Materials | Discovered new exit (range 16) 1027 | -9/Materials | Entered Storage 1111 | -9/Storage | Identified exit to Garrison 1113 | -9/Storage | Entered Garrison 1151 | -9/Garrison | Triggered checkpoint 1357 | -9/Garrison | Destroyed 11 combat bots 1421 | -9/Garrison | Triggered checkpoint 1463 | -9/Garrison | Triggered checkpoint 1659 | -9/Garrison | Build established: Scavenger-Mutant 1662 | -9/Garrison | Discovered new exit (range 15) 1669 | -9/Garrison | Triggered checkpoint 2077 | -9/Garrison | Triggered checkpoint 2204 | -9/Garrison | Discovered new exit (range 14) 2315 | -9/Garrison | Triggered checkpoint 2355 | -9/Garrison | Installed Relay Interface Framework 2379 | -9/Garrison | Garrison Relay disabled 2587 | -9/Garrison | Garrison Relay disabled 2784 | -9/Garrison | Garrison Relay disabled 2974 | -9/Garrison | Entered Materials 2974 | -8/Materials | Accompanied by 2 allies 2974 | -8/Materials | Evolved 2 slots: Utility x2 3304 | -8/Materials | Self-destructed Last Messages --------------- 03165_ Imp. Datajack destroyed. 03179_ G-47 Trooper destroyed. 03179_ Door malfunctions. 03182_ G-47 Trooper destroyed. 03185_ U-05 Engineer repairs door. 03191_ Acquired Particle Gun. 03195_ A-02 Transporter destroyed. 03198_ Chain reaction triggered in Lgt. Ion Engine. 03198_ O-16 Technician destroyed. 03200_ U-05 Engineer lays Concrete. 03201_ U-05 Engineer builds a Wall. 03201_ Acquired 46 matter. 03203_ U-05 Engineer lays Concrete. 03209_ U-05 Engineer builds a Wall. 03210_ U-05 Engineer lays Concrete. 03213_ U-05 Engineer builds a Door. 03215_ U-05 Engineer builds a Wall. 03216_ U-05 Engineer builds a Door. 03278_ T-07 Excavator is excavating. Map ----- +----------------------------------------------------+ | ?????????????????????????????? | | ?????????????????????????????? | | ?????????????????????????????? | | ?????????????????????????????? | | ?????????????????????????????? | | ?????????????????????????????? | | ?????????????????????????????? | | ?????????????????????????????? | | ?????????????????????????????? | | ?????????????????????????????? | | ?????????????????????????????? | | ?????????????????????????????? | | ?????????# ##????????????????? | | ??????? ????????????????? | | ??????? ??????????????? | | ?????? ??????????????? | | ?????? ?????????????? | | ????? ?????????????? | | ????? ????????????? | | ????? ????????????? | | ????# ???????###### | | ??????# ??????# # | | ??????# ??????# # | | ??????# ####### # | | ??????# + # | | ??????# #@ # | | ??????# #+### # # | | ??????# ????# # # | | ??????# ????# # # | | ??????# % #???# # # | | ??????# #???# ###### | | ??????# #???# #????? | | ?????## #???# #????? | | ?????#" #???# #????? | | ??##### #???# #????? | | ??? #???# ###????? | | ???? #???# #??????? | | ?????? #???# #??????? | | ????????# #???# ######## | | ???????## ^!##??# ## # | | ?#######" ^*%##### ## """ # | | ?# =[ ## """ # | | ????###### %!= ##%""" # | | ?????????# !%* ##!|| # | | ?????????# =%== #!%|] # | | ?????????# %*[! *%+==] # | | ?????????# [# ]! # | | ?????????# !%###+###+#+# "# | | ?????????# /## ? # T# | | ?????????# ## ? # "# | +----------------------------------------------------+ Best States ------------- Heat Dissipation 45 Energy Generation 10 Energy Capacity 250 Matter Stores 300 Matter Capacity 300 Sight Range 16 Terrain Scan Density 10 Armor Coverage 375 Propulsion Shielding 33 Evasion (%) 55 Targeting Accuracy 8 Relay Coupler Types 4 Relay Coupler Value 92 Item Schematics ----------------- None Robot Schematics ------------------ None Fabricated ------------ Nothing Repaired ---------- Lgt. Ion Engine | 32% | -9/Materials Studied --------- None Alien Tech Used ----------------- None Achievements -------------- Join The Dark Side Mindtrick Challenges ------------ None Game ------ Seed TrackerShrapnelBrace Manual? 0 Play Time 00:33:22 Cumulative 61.2 hours Start 2026.09.24 @ 16:17:52 End 2026.09.24 @ 16:54:59 Sessions 1 Manual Loads 0 Difficulty Rogue Special Mode None Game No. 100 Rogue 81 Adventurer 18 Explorer 1 Win Type - Total 4 Types 4/0/0/0/0/0/0/0/0/0 Lore% 15 Gallery% 36 Achievement% 24 Wizard Run 0 Options --------- Layout 1 ASCII 0 Keyboard 0 Movement Arrows Keybinds 0 Fullscreen 2 Font 24/Smallcaps Map View 50x35 Zoom Use 0% Tactical HUD 1 Map Filters NONE Filters NONE Steam 1 RUN: b844e995-3e5f-4d3f-aa8b-ad0710acb49c